 Dungeon Crawl Stone Soup version 0.31-a0-931-g7b59d4eb97 (webtiles) character file.

Game seed: 15241232474884504614

9609 Arex the Fighter (level 11, 0/89 HPs)
             Began as a Human Monk on Oct 19, 2023.
             Was an Elder of Lugonu.
             Succumbed to a cane toad's poison
             ... on level 1 of the Lair of Beasts.
             The game lasted 00:17:03 (12516 turns).

Arex the Fighter (Human Monk)                      Turns: 12516, Time: 00:17:04

Health: 0/89       AC: 15    Str: 17 (19) XL:     11   Next: 77%
Magic:  18/18      EV:  7    Int: 15 (16) God:    Lugonu [****..]
Gold:   223        SH:  4    Dex: 13 (15) Spells: 10/10 levels left

rFire   . . .        z - +3 trident (drain)
rCold   . . .        (no shield)
rNeg    . . .        J - +0 plate armour
rPois   .            (no helmet)
rElec   .            (no cloak)
rCorr   .            (no gloves)
SInv    +            a - +0 pair of boots
Will    +....        (no amulet) Stlth
                     B - +6 ring of intelligence
HPRegen 0.34/turn    I - ring of see invisible
MPRegen 0.16/turn

%: no passive effects
@: lethally poisoned (0 -> -25)
A: talons 1, large bone plates 1, strong-willed 1, strong 1
a: Renounce Religion, Depart the Abyss, Banish, Corrupt


You were on level 1 of the Lair of Beasts.
You worshipped Lugonu.
Lugonu was greatly pleased with you.
You visited 2 branches of the dungeon, and saw 12 of its levels.

You collected 512 gold pieces.
You spent 289 gold pieces at shops.

Inventory:

Hand Weapons
 s - a +0 trident
 z - a +3 trident of draining (weapon)
 D - a +1 spear of flaming
Armour
 a - a +0 pair of boots (worn)
 d - an orb of light
 v - a +0 chain mail
 J - a +0 plate armour (worn)
Jewellery
 A - a ring of wizardry
 B - a +6 ring of intelligence (left hand)
 I - a ring of see invisible (right hand)
Wands
 b - a wand of digging (3)
 i - a wand of flame (33) (quivered)
 m - a wand of charming (15)
 E - a wand of roots (5)
Scrolls
 j - a scroll of enchant weapon
 k - a scroll of torment {unknown}
 n - a scroll of fear
 p - 3 scrolls of poison
 r - a scroll of vulnerability
 t - a scroll of noise
 u - a scroll of amnesia
 w - a scroll of immolation
 x - 2 scrolls of blinking
 y - a scroll of teleportation
 G - a scroll of enchant armour {unknown}
Potions
 c - a potion of lignification
 e - 2 potions of degeneration
 f - a potion of resistance {unknown}
 g - 2 potions of curing
 h - 4 potions of brilliance
 l - a potion of mutation
 o - a potion of might {unknown}
 q - 4 potions of magic
 C - 2 potions of attraction {unknown}
 F - a potion of cancellation
 H - a potion of haste {unknown}


   Skills:
 + Level 9.5 Fighting
 + Level 9.5 Polearms
 + Level 8.5 Armour
 - Level 3.8 Dodging
 + Level 9.5 Invocations


You had 10 spell levels left.
You didn't know any spells.
Your spell library contained the following spells:

 Spells                   Type           Power      Damage    Failure   Level
 Apportation              Tloc           0%         N/A       100%        1
 Foxfire                  Conj/Fire      0%         2x1d4     100%        1
 Kiss of Death            Conj/Necr      0%         2d5       100%        1
 Magic Dart               Conj           0%         1d3       100%        1
 Necrotise                Necr           0%         1d4       100%        1
 Shock                    Conj/Air       0%         1d3       100%        1
 Summon Small Mammal      Summ           0%         N/A       100%        1
 Call Imp                 Summ           0%         N/A       100%        2
 Wereblood                Tmut           0%         N/A       100%        2
 Confusing Touch          Hex            0%         N/A       100%        3
 Mephitic Cloud           Conj/Pois/Air  0%         N/A       100%        3
 Swiftness                Air            0%         N/A       100%        3
 Airstrike                Air            0%         2d(0-16)  100%        4
 Cause Fear               Hex            0%         N/A       100%        4
 Dispel Undead            Necr           0%         3d6       100%        4
 Leda's Liquefaction      Hex/Erth       0%         N/A       100%        4
 Fireball                 Conj/Fire      0%         3d3       100%        5
 Irradiate                Conj/Tmut      0%         3d11      100%        5
 Lee's Rapid Deconstruct  Erth           0%         3d4*      100%        5
 Bombard                  Conj/Erth      0%         9d1       100%        6
 Plasma Beam              Fire/Air       0%         2x1d10    100%        6
 Starburst                Conj/Fire      0%         6d3       100%        6
 Dragon's Call            Summ           0%         N/A       100%        9


Dungeon Overview and Level Annotations

Branches:
Dungeon (11/15)            Temple (0/1) D:5            Lair (1/5) D:8
    Orc: D:9-12

Altars:
Ashenzari
Cheibriados
Elyvilon
Gozag
Hepliaklqana
Nemelex Xobeh
Sif Muna
Xom
The Shining One
Lugonu

Shops:
D:3 !   D:5 *   D:8 (

Annotations:
D:3 3 runed translucent doors, lunkers's ghost, amateur MeSh
D:7 corrupted
D:11 1 runed translucent door, pokeman's ghost, journeyman DEHW
Abyss:1 Joseph


Innate Abilities, Weirdness & Mutations

You have sharp toenails.
You are partially covered in large bone plates. (SH +4)
You are strong-willed. (Will+)
Your muscles are strong. (Str +4, Int/Dex -1)


Message History

Unknown command.
The yak attacks as it pursues you! The yak barely misses you.
The yak attacks as it pursues you! The yak gores you but does no damage.
There is a stone staircase leading down here.
You block the yak's attack.
Unknown command.
The yak attacks as it pursues you! The yak barely misses you.
The cane toad attacks as it pursues you!
The cane toad closely misses you. The yak attacks as it pursues you!
The yak gores you! The cane toad barely misses you. The cane toad stings you.
You are poisoned.
The cane toad poisons you!
You feel very sick.
The cane toad attacks as it pursues you!
You block the cane toad's attack.
You completely miss the cane toad.
You feel very sick. The cane toad stings you.
You completely miss the cane toad.
You feel sick. The cane toad stings you.
You are more poisoned.
The cane toad poisons you!
You hit the cane toad but do no damage.
You feel extremely sick. The cane toad stings you.
You are lethally poisoned!
The cane toad poisons you!
* * * LOW HITPOINT WARNING * * *
You feel extremely sick. The yak attacks as it pursues you! The yak gores you.
* * * LOW HITPOINT WARNING * * *
As you read the scroll of fear, it crumbles to dust.
You assume a fearsome visage.
The yak looks frightened! x3
The cane toad looks frightened!
* * * LOW HITPOINT WARNING * * *
You feel extremely sick.
* * * LOW HITPOINT WARNING * * *
You feel extremely sick.
You die...

.##.....## .. . #......# ...
#...YY## ..P# + #.....# ## .P
........ ##.....# ###
##..#..(.....P
#......#####.###...#.........
#P....Y............. .......#
.####....F............####.#.P.#
...............@................
........Y.Y.....................
................................
........................<.......
.....................#####..#.##
.............#.##....# ########
##.##......#....#.....# .... #
####...........#.....# .......#
#.......#.........# ......##


You could see 3 yaks and a cane toad (fleeing).

Vanquished Creatures
  Pikel (D:7)
  A cane toad (D:8)
  2 komodo dragons (D:8)
  An unseen horror zombie (D:9)
  A hornet (D:8)
  Sigmund (D:2)
  A shadow (D:9)
  A vampire (D:9)
  8 yaks
  A wraith (D:11)
  An acid dragon (D:10)
  3 water moccasins
  A sky beast (D:6)
  2 orc warriors (D:9)
  6 black bears
  4 bullfrogs
  2 kobold brigands (D:9)
  5 scorpions
  13 wights
  10 killer bees
  2 electric eels (D:9)
  6 howler monkeys
  2 centaur zombies (D:9)
  5 hounds
  3 gnoll boudas
  2 jellies
  2 orc priests
  5 iguanas
  5 sleepcaps
  5 orc wizards
  2 howler monkey zombies (D:9)
  10 gnolls
  4 adders
  A shadow imp (D:6)
  3 worms (D:2)
  A dart slug (D:1)
  26 orcs
  7 ball pythons
  8 endoplasms
  A giant cockroach (D:1)
  2 goblins (D:4)
  5 hobgoblins
  6 jackals
  11 kobolds
  4 quokkas
  5 bats
  A frilled lizard (D:1)
  5 rats
204 creatures vanquished.

Vanquished Creatures (collateral kills)
  A wight (D:9)
  An orc priest (D:9)
  A gnoll (D:9)
  An orc (D:9)
4 creatures vanquished.

Vanquished Creatures (others)
  Jeremiah (D:7)
  2 wights (D:9)
  A gnoll (D:9)
  A worm (D:3)
  An orc (D:7)
  A giant cockroach (D:3)
  A kobold (D:3)
  2 starspawn tentacles (D:7)
10 creatures vanquished.

Grand Total: 218 creatures vanquished

Notes
Turn   | Place    | Note
-------+----------+-------------------------------------------
     0 | D:1      | Arex the Human Monk began the quest for the Orb.
     0 | D:1      | Reached XP level 1. HP: 18/18 MP: 1/1
   122 | D:1      | Reached XP level 2. HP: 7/24 MP: 2/2
   602 | D:1      | Gained mutation: You are strong-willed. (Will+) [potion of
                  | mutation]
   602 | D:1      | Gained mutation: You are partially covered in large bone
                  | plates. (SH +4) [potion of mutation]
   602 | D:1      | Gained mutation: You have sharp toenails. [potion of
                  | mutation]
   602 | D:1      | Gained mutation: Your muscles are strong. (Str +4, Int/Dex
                  | -1) [potion of mutation]
   616 | D:2      | Reached XP level 3. HP: 29/29 MP: 3/3
   709 | D:2      | Reached XP level 4. HP: 36/36 MP: 4/4
   712 | D:2      | Noticed Sigmund
   753 | D:2      | Found a shimmering blue altar of Sif Muna.
   965 | D:3      | Found Neheogenn's Distillery.
   972 | D:3      | Bought a potion of curing for 42 gold pieces
   972 | D:3      | Bought a potion of heal wounds for 70 gold pieces
   988 | D:3      | Found a faded altar of an unknown god.
  1040 | D:3      | Prayed at the altar of an unknown god.
  1040 | D:3      | Became a worshipper of Lugonu the Unformed
  1040 | D:3      | Reached * piety under Lugonu
  1040 | D:3      | Reached ** piety under Lugonu
  1121 | D:3      | Found a shimmering altar of Xom.
  1139 | D:3      | Reached *** piety under Lugonu
  1197 | D:3      | Reached XP level 5. HP: 38/42 MP: 5/5
  1321 | D:3      | Found a runed translucent gate.
  1321 | D:3      | Found a runed translucent gate.
  1321 | D:3      | Found an opulent altar of Gozag.
  1323 | D:3      | Found a runed translucent gate.
  1324 | D:3      | Noticed lunkers's ghost (amateur MeSh)
  1677 | D:4      | Reached skill level 1 in Invocations
  1843 | D:4      | Reached skill level 1 in Armour
  1843 | D:4      | Reached XP level 6. HP: 42/48 MP: 7/7
  2389 | D:5      | Entered Level 5 of the Dungeon
  2389 | D:5      | Found Mereghofaq's Assorted Antiques.
  2410 | D:4      | Reached XP level 7. HP: 32/55 MP: 7/9
  2657 | D:2      | Killed Sigmund
  2840 | D:5      | Reached skill level 5 in Fighting
  2909 | D:5      | Reached skill level 5 in Polearms
  3173 | D:5      | Found a staircase to the Ecumenical Temple.
  3202 | D:5      | Reached XP level 8. HP: 57/62 MP: 10/10
  4068 | D:5      | Found a white marble altar of Elyvilon.
  4489 | D:6      | Reached skill level 5 in Invocations
  4599 | D:6      | Reached XP level 9. HP: 69/69 MP: 12/12
  4669 | D:6      | Reached **** piety under Lugonu
  4968 | D:5      | Bought a pair of boots for 135 gold pieces
  5015 | D:7      | Noticed Joseph
  5572 | D:7      | Reached skill level 5 in Armour
  5733 | D:7      | Found a glowing golden altar of the Shining One.
  5765 | D:7      | Noticed Jeremiah
  5772 | D:7      | Corrupted D:7
  5772 | D:7      | Noticed a smoke demon
  5772 | D:7      | Noticed a sixfirhy
  5772 | D:7      | Noticed a demonic crawler
  5772 | D:7      | Noticed a large abomination
  5772 | D:7      | Noticed a smoke demon
  5772 | D:7      | Noticed a large abomination
  5773 | D:7      | Noticed a hellwing
  5773 | D:7      | Noticed a deep elf elementalist
  5773 | D:7      | Noticed a smoke demon
  5775 | D:7      | Noticed a starcursed mass
  5775 | D:7      | Noticed a large abomination
  5776 | D:7      | Noticed a tentacled starspawn
  5778 | D:7      | Noticed a deep elf elementalist
  5778 | D:7      | Noticed a thrashing horror
  5778 | D:7      | Noticed a swamp dragon
  5778 | D:7      | Noticed an eye of devastation
  5780 | D:7      | Noticed an Executioner
  5784 | D:7      | Killed Jeremiah
  5788 | D:7      | Noticed a reaper
  5810 | D:7      | Noticed a black draconian knight
  5814 | D:7      | Banished Joseph
  6796 | D:7      | Noticed Pikel
  6820 | D:7      | Killed Pikel
  6821 | D:7      | Reached XP level 10. HP: 34/79 MP: 13/15
  7222 | D:8      | Noticed a komodo dragon
  7246 | D:8      | Banished a komodo dragon
  7586 | D:8      | Found Nibasakk's Weapon Boutique.
  7790 | D:8      | Found a large runed translucent door.
  7797 | D:8      | Found a large runed translucent door.
  8381 | D:8      | Found a staircase to the Lair.
  8381 | D:8      | Noticed a komodo dragon
  8388 | D:8      | Killed a komodo dragon
  8603 | D:8      | Found a broken altar of Ashenzari.
  8611 | D:8      | Reached XP level 11. HP: 86/87 MP: 17/17
  8614 | D:8      | Found a snail-covered altar of Cheibriados.
  8686 | D:9      | Noticed a cyclops
  8688 | D:9      | Banished a cyclops
  9576 | D:9      | Found a hazy altar of Hepliaklqana.
  9661 | D:9      | Found a sparkling altar of Nemelex Xobeh.
  9769 | D:9      | Identified the +3 rapier "Zif Boill" {flame, MP+9}
  9806 | D:9      | You fall into a shaft and drop 2 floors!
  9963 | D:11     | Noticed pokeman's ghost (journeyman DEHW)
  9967 | D:11     | Found a runed translucent door.
 10006 | D:10     | Entered Level 10 of the Dungeon
 10046 | D:10     | Noticed a two-headed ogre
 10048 | D:10     | Banished a two-headed ogre
 11545 | D:3      | Bought a potion of lignification for 42 gold pieces
 11682 | D:13     | Identified the "Jeteoklu"
 11682 | Lair:1   | Entered Level 1 of the Lair of Beasts
 11936 | D:8      | HP: 4/89 [komodo dragon (10)]
 12516 | Lair:1   | Succumbed to a cane toad's poison

Illustrated notes

Levels and vault maps discovered:
D:1:      minmay_arrival_loop, layout_rooms, serial_corexii_hall,
          corexii_hall_statues_i, corexii_hall_statues_x
D:2:      layout_rooms, basic_altar, uniq_sigmund
D:3:      layout_loops_ring, xom_confusion_cloud,
          ebering_ecumenical_altar_petrified, ebering_ghost_gozag, serial_shops,
          nicolae_square_shop
D:4:      layout_basic
D:5:      layout_loops_ring, mainiacjoe_overflow_alcove_2, temple_statues,
          serial_shops, shop, nicolae_ossuary_entry_monument,
          hangedman_decor_growths
D:6:      layout_basic
D:7:      layout_loops_cross, mainiacjoe_overflow_24_doors, uniq_pikel,
          uniq_joseph, uniq_jeremiah
D:8:      layout_loops_ring, jmf_multi_god_temple2,
          grunt_lair_entry_orc_guard_hut, serial_shops, shop_fountains
D:9:      layout_basic, mainiacjoe_overflow_catch_the_wave, serial_undead,
          serial_undead_e, serial_undead_f, serial_undead_e, serial_undead_a,
          st_stairs_14
D:10:     layout_roguey
D:11:     layout_irregular_city, hellmonk_ghost_happy_afterlife,
          grunt_gozag_breadcrumbs
Lair:1:   layout_regular_city, nicolae_lair_lil_pond, lemuel_fruit_tree

Skill      XL: |  1  2  3  4  5  6  7  8  9 10 11 |
---------------+----------------------------------+-----
Invocations    | 1 2 3 5 6 8 9 |  9.5
Fighting       | 4 5 6 7 8 9 |  9.5
Polearms       | 4 5 6 7 8 9 |  9.5
Armour         | 1 2 3 4 6 7 8 |  8.5
Dodging        | |  3.8

Action                     |  1- 3 |  4- 6 |  7- 9 | 10-12 || total
---------------------------+-------+-------+-------+-------++-------
  Melee: Spear             |    69 |   106 |   198 |       ||   373
         Kick              |    10 |    25 |    55 |       ||    90
         Trident           |       |       |   133 |   345 ||   478
         Punch             |       |       |       |     1 ||     1
 Invoke: Banish            |       |       |     4 |     7 ||    11
         Corrupt           |       |       |     1 |       ||     1
  Evoke: Wand              |       |       |    24 |    16 ||    40
    Use: Scroll            |     4 |     1 |     6 |     5 ||    16
         Potion            |     1 |       |     3 |     6 ||    10
 Armour: Robe              |    24 |     8 |       |       ||    32
         Leather armour    |       |     6 |       |       ||     6
         Ring mail         |       |    24 |    29 |       ||    53
         Chain mail        |       |       |   155 |   211 ||   366
         Plate armour      |       |       |       |    53 ||    53
         Skin              |       |       |       |     5 ||     5
  Dodge: Dodged            |    31 |    30 |   128 |    87 ||   276
  Block: Orb               |       |    12 |    34 |    36 ||    82
         Other             |       |       |       |    11 ||    11

Table legend: (Time is in decaauts)
 A = Elapsed time spent in this place.
 B = Non-inter-level travel time spent in this place.
 C = Inter-level travel time spent in this place.
 D = Time resting spent in this place.
 E = Time spent auto-exploring this place.
 F = Levels seen in this place.
 G = Mean time per level.
                   A        B        C        D        E       F      G
               +--------+--------+--------+--------+--------+-----+--------+
         Total |  12442 |  11442 |   1000 |   3730 |   5866 |  12 | 1036.8 |
       Dungeon |  12128 |  11128 |   1000 |   3542 |   5800 |  11 | 1102.5 |
          Lair |    313 |    313 |      0 |    188 |     66 |   1 |  313.0 |
               +--------+--------+--------+--------+--------+-----+--------+

Top non-repeatable levels by time:
     D:9: 2216 daAuts
     D:8: 2054 daAuts
     D:7: 1733 daAuts
     D:4: 1500 daAuts
     D:6: 1337 daAuts
     D:3: 1001 daAuts
     D:5: 903 daAuts
     D:1: 601 daAuts
    D:10: 326 daAuts
  Lair:1: 313 daAuts
     D:2: 244 daAuts
    D:11: 209 daAuts
